[Event "Late-Titled-Tuesday-Blitz-March-12-2024"]
[Site "Chess.com"]
[Date "2024.03.12"]
[Round "7"]
[White "IMSlavin"]
[Black "steepedgames"]
[Result "0-1"]
[WhiteElo "2305"]
[BlackElo "2554"]
[TimeControl "180+1"]
[EndTime "15:15:52 PDT"]
[Termination "steepedgames won by checkmate"]

1. e4 e6 2. Nf3 d5 3. e5 c5 4. b4 cxb4 5. a3 Nc6 6. axb4 Bxb4 7. c3 Be7 8. d4 Nh6 9. Bxh6 gxh6 10. Bd3 f5 11. exf6 Bxf6 12. O-O O-O 13. Na3 e5 14. dxe5 Nxe5 15. Nxe5 Bxe5 16. Qh5 Qg5 17. Qe2 Bg4 18. f3 Rae8 19. Qc2 Qe3+ 20. Kh1 Qf4 21. Bxh7+ Kh8 22.
g3 Bxf3+ 23. Kg1 Qe3+ 24. Rf2 Bxc3 25. Rf1 Bd4 26. Nb5 Bc5 27. Bg6 Re6 28. Bf5 Ref6 29.
Qb2 Kg8 30. g4 Rxf5 31. gxf5 Rxf5 32. h3 Rg5+ 33. Kh2 Qf4# 0-1

[Event "Late-Titled-Tuesday-Blitz-March-12-2024"]
[Site "Chess.com"]
[Date "2024.03.12"]
[Round "7"]
[White "expii"]
[Black "ThaBarWa"]
[Result "0-1"]
[WhiteElo "2189"]
[BlackElo "2364"]
[TimeControl "180+1"]
[EndTime "15:15:52 PDT"]
[Termination "ThaBarWa won by resignation"]

1. e4 e6 2. d4 d5 3. e5 c5 4. c3 Nc6 5. Nf3 Qb6 6. Be2 Nh6 7. O-O cxd4 8. Bxh6 gxh6 9. cxd4 Qxb2 10. Qd2 Qxd2 11. Nbxd2 Bg7 12. Rfc1 f6 13. exf6 Bxf6 14. Nb3 Ke7 15.
Rd1 b6 16. Rac1 Bd7 17. Bb5 Rac8 18. a4 Nb4 19. Bxd7 Kxd7 20. Rxc8 Rxc8 21. a5 Rc3 22.
Rb1 Nc6 23. axb6 axb6 24. Nbd2 Nxd4 25. Nxd4 Bxd4 26. Nf3 Bf6 27. h3 Kc6 28. Nd2 b5 29. Nf3 e5 30. Nd2 e4 31. Kf1 Rc2 32. Rd1 b4 33. Nb3 Rc3 34. Nd4+ Bxd4 35. Rxd4 Kc5 36.
Rd1 b3 37. Ke2 d4 38. Kd2 Rc2+ 0-1

[Event "Late-Titled-Tuesday-Blitz-March-12-2024"]
[Site "Chess.com"]
[Date "2024.03.12"]
[Round "7"]
[White "Cmorales2001"]
[Black "JaackCamel"]
[Result "1-0"]
[WhiteElo "2377"]
[BlackElo "2201"]
[TimeControl "180+1"]
[EndTime "15:15:54 PDT"]
[Termination "Cmorales2001 won by resignation"]

1. e4 e6 2. d4 d5 3. Nd2 c5 4.
Ngf3 cxd4 5. exd5 Qxd5 6. Bc4 Qd6 7. O-O Nf6 8. Re1 Nc6 9. Nb3 a6 10. Nbxd4 Nxd4 11. Qxd4 Qxd4 12. Nxd4 b5 13. Bb3 Bb7 14. a4 b4 15. a5 Bc5 16. Ba4+ Kf8 17. Nb3 Ba7 18.
Bf4 Nd5 19. Bd6+ Kg8 20. Nc5 Bxc5 21. Bxc5 h6 22. Bd4 Kh7 23. c4 Nf4 24. f3 Rhd8 25. Rad1 Rac8 26. b3 f6 27. Bb6 Rxd1 28. Rxd1 Ne2+ 29.
Kf2 Nc3 30. Rd7 Bc6 31. Bxc6 Rxc6 32. Rb7 Nb1 33. Be3 Na3 34. Rxb4 Nc2 35. Rb6 Rc7 36. Rxa6 Rb7 37. Rb6 Ra7 38. a6 Nxe3 39. Kxe3 Kg6 40. b4 Kf5 41. b5 Ke5 1-0

[Event "Late-Titled-Tuesday-Blitz-March-12-2024"]
[Site "Chess.com"]
[Date "2024.03.12"]
[Round "7"]
[White "AlexeiShirov"]
[Black "LikeWater"]
[Result "1-0"]
[WhiteElo "2871"]
[BlackElo "2685"]
[TimeControl "180+1"]
[EndTime "15:15:55 PDT"]
[Termination "AlexeiShirov won on time"]

1. e4 c5 2. Nf3 a6 3. c3 d5 4.
exd5 Qxd5 5. d4 e6 6. c4 Qd8 7. Nc3 Nf6 8. Be3 cxd4 9. Nxd4 Nbd7 10. Be2 Bb4 11. O-O O-O 12. Rc1 Qc7 13. a3 Bd6 14. h3 Bf4 15. Qd2 Bxe3 16. Qxe3 Qe5 17. Na4 Qxe3 18. fxe3 b6 19. Bf3 Ra7 20. c5 bxc5 21.
Nxc5 Ne5 22. b4 Rc7 23. Be2 Ra7 24. Nf3 Ned7 25. Rfd1 a5 26. b5 Nd5 27. e4 Nf4 28.
Bf1 Nxc5 29. Rxc5 f6 30. b6 Re7 31. Rc7 Kf7 32. Rdc1 Bd7 33. b7 Rb8 34. Ba6 Be8 35.
Rxe7+ Kxe7 36. Rc8 Ne2+ 37. Kf2 1-0

[Event "Late-Titled-Tuesday-Blitz-March-12-2024"]
[Site "Chess.com"]
[Date "2024.03.12"]
[Round "7"]
[White "SantoBlue"]
[Black "Blitzstream"]
[Result "0-1"]
[WhiteElo "3029"]
[BlackElo "2752"]
[TimeControl "180+1"]
[EndTime "15:15:56 PDT"]
[Termination "Blitzstream won by resignation"]

1. g3 d5 2. Bg2 Nf6 3. Nf3 c6 4. O-O Bf5 5. d3 e6 6. b3 Be7 7. Bb2 O-O 8. Nbd2 Nbd7 9. Re1 a5 10. a3 h6 11. e4 dxe4 12. Nxe4 Nxe4 13. dxe4 Bg6 14. Qe2 Qc7 15. Rad1 Rad8 16. Nh4 Bxh4 17. gxh4 Qf4 18. h5 Bh7 19. Rd3 Ne5 20. Rg3 Rd2 21. Rxg7+ Kh8 22. Rxf7 Rxe2 23. Rxf8+ Qxf8 24. Bxe5+ Kg8 25. Rxe2 Qxa3 26. Bh3 Kf7 27. Kg2 Qc1 28. Bg3 b5 29.
Re3 Qxc2 30. Rf3+ Ke7 31. Bh4+ Ke8 32. Rf6 Qxe4+ 33. f3 Qxh4 0-1

[Event "Late-Titled-Tuesday-Blitz-March-12-2024"]
[Site "Chess.com"]
[Date "2024.03.12"]
[Round "7"]
[White "the_blue_pill"]
[Black "lucasran"]
[Result "1-0"]
[WhiteElo "2470"]
[BlackElo "2598"]
[TimeControl "180+1"]
[EndTime "15:15:56 PDT"]
[Termination "the_blue_pill won on time"]

1. e4 c6 2. d4 d5 3. exd5 cxd5 4. c4 Nf6 5. Nf3 Nc6 6. Nc3 Bg4 7. Be3 e6 8. c5 Be7 9. Bb5 O-O 10. O-O Rc8 11.
h3 Bxf3 12. Qxf3 b6 13. Bxc6 Rxc6 14. b4 bxc5 15. bxc5 Qa5 16. Bf4 Nd7 17. Nxd5 exd5 18. Qxd5 Rc7 19. Bxc7 Qxc7 20. Rfe1 Nf6 21. Qc4 Rd8 22.
Rad1 Rd5 23. Re5 Rxe5 24. dxe5 Qxe5 25. c6 Qc7 26. Qb5 Kf8 27. Qb7 Bd6 28. Rxd6 Qxd6 29. c7 Qd1+ 30. Kh2 Qd6+ 31. g3 g6 32. c8=Q+ Kg7 33.
Qcc7 Qe6 34. Qxa7 Nd5 35. Qd4+ Kh6 36. Qc1+ 1-0

[Event "Late-Titled-Tuesday-Blitz-March-12-2024"]
[Site "Chess.com"]
[Date "2024.03.12"]
[Round "7"]
[White "Herman-NY"]
[Black "AryanTari"]
[Result "0-1"]
[WhiteElo "2542"]
[BlackElo "2907"]
[TimeControl "180+1"]
[EndTime "15:15:59 PDT"]
[Termination "AryanTari won by resignation"]

1. e4 c5 2. Nf3 Nc6 3. Bb5 e5 4.
O-O Bd6 5. a3 Nge7 6. b4 cxb4 7.
axb4 Bxb4 8. c3 Bd6 9. d4 O-O 10. h4 Ng6 11. h5 Nh4 12. Nxh4 Qxh4 13. f4 exf4 14. Nd2 Bc7 15. Nf3 Qxh5 16. Bd3 d5 17.
e5 Bg4 18. Bxf4 f6 19. Qd2 fxe5 20. dxe5 Bb6+ 21. Be3 Bxf3 22. Rxf3 Rxf3 23. gxf3 Nxe5 24. Be2 Qg5+ 25. Kf2 Rf8 26. Bxb6 0-1

[Event "Late-Titled-Tuesday-Blitz-March-12-2024"]
[Site "Chess.com"]
[Date "2024.03.12"]
[Round "7"]
[White "SamuraisOfChess"]
[Black "emeli_chess"]
[Result "1/2-1/2"]
[WhiteElo "2571"]
[BlackElo "2400"]
[TimeControl "180+1"]
[EndTime "15:15:59 PDT"]
[Termination "Game drawn - insufficient material"]

1. e4 e5 2. Nf3 Nc6 3. Bc4 Nf6 4. O-O Nxe4 5. d4 exd4 6. Re1 d5 7. Bxd5 Qxd5 8. Nc3 Qa5 9. Nxe4 Be6 10. Neg5 Bd6 11. Nxe6 fxe6 12. Rxe6+ Kd7 13. Re2 Rae8 14. Bg5 Rxe2 15.
Qxe2 Re8 16. Qd3 h6 17. Bh4 Qd5 18. Bg3 Qe4 19. Qd2 Qe2 20. Bxd6 Qxd2 21. Nxd2 Kxd6 22.
Kf1 Kd5 23. a3 Na5 24. Rd1 Nc4 25. Nxc4 Kxc4 26. f4 c5 27. Kf2 b5 28. g4 a5 29. h4 b4 30. axb4 axb4 31. g5 hxg5 32. hxg5 b3 33. cxb3+ Kxb3 34. Rd2 Kc4 35. Kf3 d3 36. f5 Kd4 37. Kf4 c4 38. f6 gxf6 39. gxf6 c3 40. bxc3+ Kxc3 41. Rd1 d2 42. Kf5 Kc2 43. f7 Rf8 44. Rxd2+ Kxd2 45. Kf6 Rxf7+ 46. Kxf7 1/2-1/2

[Event "Late-Titled-Tuesday-Blitz-March-12-2024"]
[Site "Chess.com"]
[Date "2024.03.12"]
[Round "7"]
[White "tarno17"]
[Black "Josgar05"]
[Result "1-0"]
[WhiteElo "2227"]
[BlackElo "2330"]
[TimeControl "180+1"]
[EndTime "15:16:00 PDT"]
[Termination "tarno17 won by checkmate"]

1. e4 g6 2. d4 Bg7 3. Nc3 c6 4. Be3 d5 5. f3 Nf6 6. Qd2 dxe4 7. fxe4 Ng4 8. O-O-O Nxe3 9. Qxe3 Nd7 10. Kb1 Nf6 11. h3 O-O 12. Nf3 b5 13. g4 b4 14. Ne2 Qa5 15. Nc1 Qc7 16. Bc4 a5 17. e5 Nd5 18.
Qe4 a4 19. h4 a3 20. Bxd5 cxd5 21. Qd3 axb2 22. Kxb2 Ba6 23. Qd2 Bc4 24. Nb3 Rfb8 25. Ra1 Ra3 26. h5 Rba8 27. Rhb1 R8a4 28. hxg6 hxg6 29.
Kc1 Rxa2 30. Rxa2 Rxa2 31. Kd1 Qc8 32. Qxb4 Qxg4 33. Nd2 Bh6 34. Qxe7 Bxd2 35. Rb8+ Kh7 36. Qxf7+ Kh6 37. Rh8# 1-0

[Event "Late-Titled-Tuesday-Blitz-March-12-2024"]
[Site "Chess.com"]
[Date "2024.03.12"]
[Round "7"]
[White "ferdipy"]
[Black "shirovin"]
[Result "1-0"]
[WhiteElo "2318"]
[BlackElo "2057"]
[TimeControl "180+1"]
[EndTime "15:16:03 PDT"]
[Termination "ferdipy won on time"]

1. e4 d6 2. d4 Nf6 3. Nc3 e5 4. Bg5 Nbd7 5. Nf3 Be7 6. Bc4 O-O 7. dxe5 dxe5 8. Qd2 c6 9. O-O-O b5 10. Bb3 b4 11. Na4 Nxe4 12. Bxe7 Qxe7 13. Qe3 Nef6 14. Rhe1 h6 15. h3 Re8 16. Kb1 Ba6 17. Nh4 Bb5 18. Nf5 Qf8 19. Qg3 Kh7 20. Nd6 Red8 21. Nxf7 Bxa4 22.
Nxd8 Bxb3 23. Nxc6 Bg8 24. Nxe5 Nxe5 25. Qxe5 Qf7 26.
Qa5 Rb8 27. Rd6 Nd5 28. Rd1 Nf6 29. f3 Qg6 30. g4 Rc8 31. Rc1 Qf7 32. f4 Nd5 33. f5 Ne3 34. b3 Qe7 35. Qxb4 Nd5 36. Qa3 Nc3+ 37. Ka1 Rd8 38. Rxh6+ Kxh6 39. Qxe7 Rc8 40.
Qe3+ Kh7 41. g5 Bd5 42. g6+ Kg8 43. h4 a5 44. h5 a4 45. h6 axb3 46. cxb3 1-0

[Event "Late-Titled-Tuesday-Blitz-March-12-2024"]
[Site "Chess.com"]
[Date "2024.03.12"]
[Round "7"]
[White "sergiochess83"]
[Black "Grischuk"]
[Result "0-1"]
[WhiteElo "2900"]
[BlackElo "3069"]
[TimeControl "180+1"]
[EndTime "15:16:05 PDT"]
[Termination "Grischuk won by resignation"]

1. d4 e6 2. c4 b6 3. e4 Bb4+ 4. Bd2 Bxd2+ 5. Qxd2 d5 6. cxd5 exd5 7. e5 Ne7 8. Nc3 O-O 9. g3 c5 10. Nge2 Nbc6 11.
Bg2 cxd4 12. Nxd4 Nxe5 13. O-O Nc4 14. Qe2 Bb7 15. Rfe1 Re8 16. Rad1 h6 17. b3 Nd6 18. Qh5 Rc8 19. Nxd5 Nxd5 20. Bxd5 Rxe1+ 21. Rxe1 Rc5 22. Re5 Qf6 23. b4 g6 24. Qxh6 Rxd5 0-1

[Event "Late-Titled-Tuesday-Blitz-March-12-2024"]
[Site "Chess.com"]
[Date "2024.03.12"]
[Round "7"]
[White "NovakRatko"]
[Black "guillembaches"]
[Result "0-1"]
[WhiteElo "2409"]
[BlackElo "2554"]
[TimeControl "180+1"]
[EndTime "15:16:05 PDT"]
[Termination "guillembaches won on time"]

1. d4 d5 2. c4 e6 3. cxd5 exd5 4. Nc3 a6 5. e4 dxe4 6. Nxe4 Bb4+ 7. Nc3 Qe7+ 8. Be2 Bg4 9. Be3 Bxe2 10. Nxe2 Nf6 11.
O-O O-O 12. Bg5 Nbd7 13. Nd5 Qd6 14. Nxf6+ Nxf6 15. a3 Ba5 16. b4 Bb6 17. Qc2 Rfe8 18. Rfd1 Nd5 19. Nc3 Nxc3 20. Qxc3 Qd5 21. Be3 Re6 22.
a4 a5 23. b5 Rg6 24. g3 h5 25. Rac1 h4 26. Qc4 Qf3 27. Qf1 Re8 28. Qg2 Qf5 29.
Qxb7 hxg3 30. hxg3 Rxe3 31. Qa8+ Kh7 32. Qg2 Re4 0-1

[Event "Late-Titled-Tuesday-Blitz-March-12-2024"]
[Site "Chess.com"]
[Date "2024.03.12"]
[Round "7"]
[White "cristiano78"]
[Black "goldihouse"]
[Result "0-1"]
[WhiteElo "2252"]
[BlackElo "2626"]
[TimeControl "180+1"]
[EndTime "15:16:06 PDT"]
[Termination "goldihouse won by checkmate"]

1. d4 Nf6 2. c4 e6 3. Nf3 b6 4. g3 Ba6 5. b3 b5 6. cxb5 Bxb5 7. Bg2 d5 8. O-O Be7 9. Ba3 O-O 10. Bxe7 Qxe7 11.
Nc3 Ba6 12. Re1 Nbd7 13. Rc1 c5 14. Na4 Rfc8 15. dxc5 Nxc5 16. Nxc5 Rxc5 17. Nd4 Rac8 18.
Qd2 h6 19. Rxc5 Qxc5 20. e3 Qa3 21. Bf1 Ne4 22. Qd1 Qxa2 23. Bxa6 Qxa6 24. Qa1 Qd3 25. Qxa7 e5 26. Nf5 Rc2 27. Qb8+ Kh7 28. Qxe5 Nf6 29.
Nd4 Rb2 30. h3 Qc3 31. Ra1 Rxf2 32. Kxf2 Ne4+ 33. Kf3 Ng5+ 34. Kg4 Qxa1 35. Qxd5 Qd1+ 36. Kh4 g6 37. Qc4 Qh5# 0-1

[Event "Late-Titled-Tuesday-Blitz-March-12-2024"]
[Site "Chess.com"]
[Date "2024.03.12"]
[Round "7"]
[White "zverr1"]
[Black "only_strong_moves"]
[Result "0-1"]
[WhiteElo "2560"]
[BlackElo "2555"]
[TimeControl "180+1"]
[EndTime "15:16:08 PDT"]
[Termination "only_strong_moves won on time"]

1. e4 e5 2. Nf3 Nc6 3. Bc4 Nf6 4.
Ng5 d5 5. exd5 Na5 6. Bb5+ c6 7. dxc6 bxc6 8. Be2 Nd5 9. d4 h6 10. Nf3 e4 11. Ne5 Bd6 12. O-O O-O 13. c4 Nf6 14.
Nc3 Re8 15. Qa4 Rb8 16. c5 Bc7 17. b4 Qxd4 18. Nxc6 Nxc6 19. Qxc6 Qxc3 20. Qxc7 Rb7 21. Qc6 Qxa1 22. Bg5 Qxf1+ 23. Bxf1 hxg5 24. b5 Rd7 25.
g3 Rd1 26. Kg2 Bg4 27. b6 Bf3+ 28. Kh3 g4+ 29. Kh4 Re5 30. Qc8+ Kh7 31. Qxg4 Bxg4 0-1

[Event "Late-Titled-Tuesday-Blitz-March-12-2024"]
[Site "Chess.com"]
[Date "2024.03.12"]
[Round "7"]
[White "Anton_Demchenko"]
[Black "GHANDEEVAM2003"]
[Result "1-0"]
[WhiteElo "2959"]
[BlackElo "3080"]
[TimeControl "180+1"]
[EndTime "15:16:11 PDT"]
[Termination "Anton_Demchenko won by resignation"]

1. e4 c6 2. d4 d5 3. e5 Bf5 4. Bd3 Bxd3 5. Qxd3 e6 6. c3 c5 7. Ne2 Nc6 8. O-O Qb6 9. Nd2 Nge7 10. Nf3 Nf5 11. a3 c4 12. Qc2 Na5 13. Ng3 Nb3 14.
Rb1 Nxg3 15. fxg3 h6 16. Be3 Be7 17. Rf2 O-O-O 18. Rbf1 Rdf8 19. Nh4 Bxh4 20. gxh4 Qc7 21. h5 Qe7 22. Qe2 Na5 23. Rf3 Nc6 24. Qf2 Nd8 25.
Bf4 b6 26. Bg3 Qg5 27. Bh4 Qxh5 28. Bxd8 Rxd8 29. Rxf7 Rd7 30. Rxd7 Kxd7 31. Qf7+ Qxf7 32. Rxf7+ Kc6 33. Rxa7 g5 34. Re7 Kb5 35. Rxe6 Rb8 36. Rxh6 Ka4 37. Rf6 Kb3 38. Rf2 b5 39. h3 Rh8 40.
Re2 Re8 41. g3 Re7 42. Kg2 Re6 43. g4 b4 44. axb4 Ra6 45. e6 Ra1 46. e7 1-0

[Event "Late-Titled-Tuesday-Blitz-March-12-2024"]
[Site "Chess.com"]
[Date "2024.03.12"]
[Round "7"]
[White "ChessLover0108"]
[Black "HansOnTwitch"]
[Result "0-1"]
[WhiteElo "2945"]
[BlackElo "3114"]
[TimeControl "180+1"]
[EndTime "15:16:13 PDT"]
[Termination "HansOnTwitch won on time"]

1. c4 e5 2. d3 d6 3. g3 f5 4. Bg2 Nf6 5. Nc3 Be7 6. d4 c6 7.
Nf3 e4 8. Ng5 h6 9. Nh3 g5 10. d5 Nbd7 11. f3 Ne5 12. O-O exf3 13. exf3 Nxc4 14. dxc6 bxc6 15. f4 Qb6+ 16. Nf2 d5 17. Na4 Qc7 18. fxg5 hxg5 19. Bxg5 Ne4 20. Bf4 Bd6 21. Nh3 Be6 22. b3 Ne5 23. Rc1 O-O-O 24.
Qd4 Kb8 25. Rc2 c5 26. Nxc5 Nxc5 27. b4 Nb3 28. Qf2 Ng4 29. Rxc7 Nxf2 30. Rc6 Nxh3+ 31. Bxh3 Bxf4 32. Rxf4 Bd7 33. Rd6 Nc1 0-1

[Event "Late-Titled-Tuesday-Blitz-March-12-2024"]
[Site "Chess.com"]
[Date "2024.03.12"]
[Round "7"]
[White "IngOscarArdila"]
[Black "yuriydovzik"]
[Result "1-0"]
[WhiteElo "2339"]
[BlackElo "2107"]
[TimeControl "180+1"]
[EndTime "15:16:13 PDT"]
[Termination "IngOscarArdila won on time"]

1. d4 Nf6 2. c4 e6 3. Nc3 Bb4 4. Qc2 c5 5. Nf3 Nc6 6. dxc5 Bxc5 7.
Bg5 h6 8. Bh4 Nd4 9. Nxd4 Bxd4 10.
e3 Bxc3+ 11. Qxc3 O-O 12. Bd3 d6 13. O-O e5 14. Rfd1 Be6 15. Rac1 Rc8 16. Qa3 g5 17. Bg3 Qb6 18. Be2 Ne4 19. b3 Rfd8 20. Bf3 Nc5 21. Bd5 Bxd5 22. Rxd5 f5 23. f3 e4 24. Rcd1 exf3 25.
Rxd6 f2+ 26. Kf1 Rxd6 27. Rxd6 1-0

[Event "Late-Titled-Tuesday-Blitz-March-12-2024"]
[Site "Chess.com"]
[Date "2024.03.12"]
[Round "7"]
[White "Boninknights"]
[Black "Yushko_Olga"]
[Result "0-1"]
[WhiteElo "2408"]
[BlackElo "2204"]
[TimeControl "180+1"]
[EndTime "15:16:14 PDT"]
[Termination "Yushko_Olga won by resignation"]

1. d4 e6 2. Nf3 Nf6 3. c4 d5 4. Nc3 Be7 5. Bg5 O-O 6. e3 c5 7.
Bxf6 Bxf6 8. cxd5 exd5 9. dxc5 Bxc3+ 10. bxc3 Qa5 11. Qd2 Qxc5 12. Bd3 Nc6 13. O-O Bg4 14. Nd4 Ne5 15. f3 Nxd3 16. Qxd3 Bh5 17. Rab1 b6 18. Rb5 Bg6 19. e4 dxe4 20. fxe4 Qe7 21. Nf5 Qe6 22. Rd5 Rfe8 23. Rf4 Rac8 24. c4 Bxf5 25.
exf5 Qf6 26. h4 Qa1+ 27. Kh2 Qxa2 28. f6 g6 29. Re4 Rf8 30. Qe3 Qb2 31. Rd6 Kh8 32. Qh6 Rg8 33. Re7 Rcf8 34. Rxa7 Qe5+ 0-1

[Event "Late-Titled-Tuesday-Blitz-March-12-2024"]
[Site "Chess.com"]
[Date "2024.03.12"]
[Round "7"]
[White "BogdanDeac"]
[Black "Hikaru"]
[Result "1-0"]
[WhiteElo "3087"]
[BlackElo "3244"]
[TimeControl "180+1"]
[EndTime "15:16:16 PDT"]
[Termination "BogdanDeac won by resignation"]

1. d4 Nf6 2. c4 b6 3. f3 Nc6 4. Nc3 e5 5. d5 Ne7 6. e4 Ng6 7. Be3 Bc5 8. Qd2 d6 9. Nge2 h6 10. Nc1 Nh5 11. g3 O-O 12. Nb3 Bxe3 13. Qxe3 f5 14.
exf5 Bxf5 15. g4 Qh4+ 16. Kd2 Bxg4 17. fxg4 Qxg4 18. Rg1 Qf5 19. Bd3 Qf2+ 20. Qxf2 Rxf2+ 21. Ke1 Ngf4 22. Kxf2 Nxd3+ 23. Ke3 Nxb2 24. Nd2 Nf4 25.
Ne2 Nbd3 26. Nxf4 Nxf4 27. a4 Kf7 28. h4 a6 29. Ne4 g6 30. Nc3 Ke7 31. Ne2 Rf8 32. a5 b5 33. Nxf4 exf4+ 34. Kf3 bxc4 35. Rxg6 Rf5 36. Re1+ Kd7 37. Rg7+ Kd8 38. Ree7 1-0

[Event "Late-Titled-Tuesday-Blitz-March-12-2024"]
[Site "Chess.com"]
[Date "2024.03.12"]
[Round "7"]
[White "egnfanclub"]
[Black "CrushingKings"]
[Result "0-1"]
[WhiteElo "2378"]
[BlackElo "2595"]
[TimeControl "180+1"]
[EndTime "15:16:19 PDT"]
[Termination "CrushingKings won by resignation"]

1. e4 g6 2. Nc3 Bg7 3. f4 c6 4. Nf3 d5 5. e5 f6 6. d4 Nh6 7. h3 Nf5 8. g4 Ng3 9. Rg1 Nxf1 10.
Kxf1 fxe5 11. Nxe5 O-O 12. Kg2 c5 13. Be3 Nc6 14.
Nxc6 bxc6 15. Rf1 e5 16. fxe5 Rxf1 17. Qxf1 cxd4 18. Bxd4 c5 19. Bxc5 d4 20. Qc4+ Kh8 21. Qxd4 Bb7+ 22. Kg3 Qg5 23. Re1 Re8 24. Bd6 h5 25. h4 Qd8 26. g5 Qd7 27. Qf4 Bc8 28. Re3 Qh3+ 29. Kf2 Qh1 30. Ne4 Bh3 31. Ke2 Bg4+ 32.
Kd3 Qd1+ 33. Nd2 Qh1 34. Qe4 Bf5 35. c4 Qxh4 36. c5 Qxg5 37. c6 Bxe5 38. Bxe5+ Rxe5 39. Qxf5 Qxf5+ 40. Ne4 Rxe4 41. Rxe4 Qd5+ 0-1

[Event "Late-Titled-Tuesday-Blitz-March-12-2024"]
[Site "Chess.com"]
[Date "2024.03.12"]
[Round "7"]
[White "javierfreilemartin"]
[Black "Stanbad1"]
[Result "0-1"]
[WhiteElo "2312"]
[BlackElo "2517"]
[TimeControl "180+1"]
[EndTime "15:16:19 PDT"]
[Termination "Stanbad1 won by resignation"]

1. c4 Nf6 2. Nc3 g6 3. d4 d6 4. e4 Bg7 5. Be2 O-O 6. Nf3 e5 7. O-O Nc6 8. d5 Ne7 9. Ne1 Ne8 10. Nd3 f5 11. f3 f4 12. Bd2 Rf7 13. c5 Bf8 14.
cxd6 cxd6 15. Rc1 g5 16. Nf2 Ng6 17. h3 h5 18. Qc2 Bd7 19. a4 a6 20. Qb3 Nf6 21. Qxb7 Bxh3 22. Qxf7+ Kxf7 23. Nxh3 Bh6 24. Nd1 g4 25. Nhf2 gxf3 26. Bxf3 Nh4 27. Nh3 Qg8 28. Rc7+ Ke8 29. Rc4 Qg6 30. Be1 Nxf3+ 31. Rxf3 Nxe4 32.
Bh4 Nc5 33. b4 Qb1 34. bxc5 Qxd1+ 35. Kh2 Qxd5 36. Rfc3 Rc8 37. Bf2 dxc5 38. Bxc5 e4 39. Nf2 e3 40. Ne4 Rc6 41. Rd4 Qe5 42. Nd6+ Rxd6 43.
Rxd6 Qxc3 0-1

[Event "Late-Titled-Tuesday-Blitz-March-12-2024"]
[Site "Chess.com"]
[Date "2024.03.12"]
[Round "7"]
[White "Bkmzzzzz"]
[Black "Payyappat"]
[Result "1-0"]
[WhiteElo "2405"]
[BlackElo "2556"]
[TimeControl "180+1"]
[EndTime "15:16:20 PDT"]
[Termination "Bkmzzzzz won by resignation"]

1. e4 c6 2. d4 d5 3. Nc3 dxe4 4.
Nxe4 Nf6 5. Nxf6+ exf6 6. c3 Bd6 7. Bd3 O-O 8. Qc2 Re8+ 9. Ne2 h5 10. Be3 Nd7 11.
O-O-O Nf8 12. h3 Be6 13. Kb1 b5 14. Bf5 Bd5 15. Nf4 Bxf4 16. Bxf4 Ng6 17. Bc1 Nh4 18. f3 Qd6 19. Bd3 Qg3 20. Rhg1 Re6 21. c4 bxc4 22. Bxc4 Rae8 23. Bd3 g6 24. b3 f5 25. Bb2 f4 26.
Bc1 Kg7 27. Qd2 Re3 28. Qc2 R3e5 29. dxe5 Rxe5 30. Bb2 f6 31. Bxe5 fxe5 32. Be4 Nf5 33. Bxf5 gxf5 34. Qxf5 Bf7 35. Qxe5+ Kh6 36. Rd6+ Bg6+ 37.
Ka1 Qh2 38. Rgd1 Qxg2 39. Qxf4+ Kg7 40. Rd7+ Kg8 41. Rd8+ Kg7 42. R1d7+ Bf7 43. Qxf7+ Kh6 44. Qh7+ 1-0

[Event "Late-Titled-Tuesday-Blitz-March-12-2024"]
[Site "Chess.com"]
[Date "2024.03.12"]
[Round "7"]
[White "mortngabriel"]
[Black "trriinu"]
[Result "0-1"]
[WhiteElo "2502"]
[BlackElo "2276"]
[TimeControl "180+1"]
[EndTime "15:16:21 PDT"]
[Termination "trriinu won on time"]

1. e4 d5 2. exd5 Qxd5 3. Nc3 Qd6 4. d4 Nf6 5. Nf3 Nc6 6. Nb5 Qd8 7. Bf4 Nd5 8. Bg3 a6 9. Na3 e5 10. Nxe5 Bb4+ 11.
c3 Nxc3 12. bxc3 Bxc3+ 13. Ke2 Nxd4+ 14. Ke3 Bxa1 15. Qxa1 Nf5+ 16. Ke2 Nxg3+ 17. hxg3 Qe7 18. Nc4 f6 19. f4 fxe5 20. Nxe5 Bg4+ 21. Ke1 O-O-O 22.
Qc3 Rd1+ 23. Kf2 Rd5 24. Bc4 Qc5+ 25. Qe3 Rd2+ 0-1

[Event "Late-Titled-Tuesday-Blitz-March-12-2024"]
[Site "Chess.com"]
[Date "2024.03.12"]
[Round "7"]
[White "rasmussvane"]
[Black "GaiozNigalidze"]
[Result "1-0"]
[WhiteElo "2944"]
[BlackElo "2714"]
[TimeControl "180+1"]
[EndTime "15:16:24 PDT"]
[Termination "rasmussvane won by resignation"]

1. Nf3 Nf6 2. g3 g6 3. Bg2 Bg7 4. O-O O-O 5. d4 d6 6. Re1 Ne4 7. Nbd2 Nxd2 8. Bxd2 d5 9. c3 c6 10. e4 dxe4 11. Rxe4 Bf5 12. Re1 Nd7 13. Bf4 Nf6 14. Qb3 Qd7 15. Ne5 Qc8 16. Rad1 Be6 17. Qa3 Re8 18. c4 Ng4 19. Qc3 Nxe5 20. Bxe5 Bxe5 21. Rxe5 Qd7 22. d5 Rad8 23. Rde1 cxd5 24. cxd5 Bf5 25. Qa3 Kf8 26. Qxa7 Ra8 27. Qd4 f6 28. Rxe7 Rxe7 29. Qxf6+ Ke8 30. Qh8+ Kf7 31. Rxe7+ Qxe7 32. Qxa8 Qe1+ 33.
Bf1 Bd3 34. Qxb7+ Kf6 35. Qb6+ Kf7 36. Qe6+ 1-0

[Event "Late-Titled-Tuesday-Blitz-March-12-2024"]
[Site "Chess.com"]
[Date "2024.03.12"]
[Round "7"]
[White "YoreDea"]
[Black "tandaleo"]
[Result "1-0"]
[WhiteElo "2592"]
[BlackElo "2469"]
[TimeControl "180+1"]
[EndTime "15:16:24 PDT"]
[Termination "YoreDea won by resignation"]

1. e4 e5 2. d4 exd4 3. Qxd4 Nc6 4.
Qe3 Nf6 5. Bd2 Be7 6. Nc3 d5 7.
exd5 Nxd5 8. Qg3 Nxc3 9. Bxc3 Bf6 10. Bxf6 Qxf6 11. O-O-O O-O 12. Nf3 Bf5 13. Nh4 Be4 14. f3 Bg6 15. Nxg6 hxg6 16. h4 Rad8 17. Bd3 Nb4 18. Be4 Nxa2+ 19. Kb1 Nb4 20. Qxc7 Rc8 21. Qd6 Qxd6 22. Rxd6 b6 23. h5 gxh5 24. Rxh5 g6 25. Rb5 Na6 26. Bb7 Nc7 27. Re5 Rcd8 28. Rxd8 Rxd8 29. Re7 Ne6 30. Be4 a5 31. c4 Nc5 32.
Bd5 b5 33. Bxf7+ Kg7 34. Bd5+ Kf6 35. Rc7 Nd3 36. Be4 Nb4 37. Kc1 Na2+ 38. Kc2 Nb4+ 39. Kb3 bxc4+ 40. Rxc4 Rd2 41. g4 Ke5 42. Rc5+ Kd4 43.
Rxa5 Nd3 44. Rd5+ Ke3 45. Rxd3+ Rxd3+ 46. Bxd3 Kxd3 47. f4 Ke3 48. f5 Kf4 49. fxg6 1-0

[Event "Late-Titled-Tuesday-Blitz-March-12-2024"]
[Site "Chess.com"]
[Date "2024.03.12"]
[Round "7"]
[White "oskariot"]
[Black "zajka-molotok"]
[Result "1-0"]
[WhiteElo "2766"]
[BlackElo "2566"]
[TimeControl "180+1"]
[EndTime "15:16:25 PDT"]
[Termination "oskariot won by resignation"]

1. e4 c5 2. Nf3 Nc6 3. b4 cxb4 4.
d4 d5 5. exd5 Qxd5 6. c4 bxc3 7.
Nxc3 Qa5 8. Rb1 Qxc3+ 9. Bd2 Qa3 10. d5 e6 11. dxc6 bxc6 12. Qc2 Qc5 13. Qa4 Nf6 14. Rc1 Qd5 15. Be2 Be7 16. O-O O-O 17. Rfd1 Qe4 18. Bc4 Bd7 19. Re1 Qg4 20. h3 Qh5 21.
Re5 Qg6 22. Nh4 c5 23. Qa3 Qe4 24. Rxe4 Nxe4 25. Nf3 Bc6 26. Be3 Rfd8 27. Ne5 Bb7 28. Rb1 Bd5 29. Bxd5 Rxd5 30. Nc4 h6 31. Nb6 Rb8 32.
Qxa7 Bd6 33. Qxb8+ Bxb8 34. Nxd5 1-0

[Event "Late-Titled-Tuesday-Blitz-March-12-2024"]
[Site "Chess.com"]
[Date "2024.03.12"]
[Round "7"]
[White "Smoking_Crow"]
[Black "Smiechu"]
[Result "1-0"]
[WhiteElo "2634"]
[BlackElo "2467"]
[TimeControl "180+1"]
[EndTime "15:16:26 PDT"]
[Termination "Smoking_Crow won by resignation"]

1. e4 c5 2. Nf3 g6 3. d4 cxd4 4.
Nxd4 Nc6 5. c4 Nf6 6. Nc3 Nxd4 7. Qxd4 d6 8. Be2 Bg7 9. Be3 O-O 10. Qd2 a5 11. O-O a4 12. Rad1 Qa5 13. Bd4 Be6 14. f4 Rfc8 15. b3 axb3 16. axb3 Qb4 17. f5 Bd7 18.
Bxf6 Bxf6 19. Nd5 Qxb3 20. Nxf6+ exf6 21. fxg6 hxg6 22. Qxd6 Qe3+ 23. Rf2 Be6 24. Qd4 Ra3 25. Qxf6 Qxe4 26. Bf1 Qe3 27. Kh1 Raa8 28. h4 Qh6 29.
Be2 Rc5 30. h5 Qg7 31. Qe7 gxh5 32. Qxc5 1-0